 Dungeon Crawl Stone Soup version 0.24.0-13-gcf9b319 (webtiles) character file.

Game seed: 12413052368949076250, levelgen mode: deterministic

2739 Balder the Protected (level 9, -6/67 HPs)
             Began as a Minotaur Hunter on May 10, 2020.
             Was a Follower of Hepliaklqana.
             Mangled by an orc warrior
             ... wielding a +0 battleaxe
              (11 damage)
             ... on level 8 of the Dungeon.
             The game lasted 00:31:56 (7717 turns).

Balder the Protected (Minotaur Hunter)              Turns: 7717, Time: 00:31:56

Health: -6/67      AC: 15    Str: 19    XL:     9   Next: 40%
Magic:  8/8        EV:  8    Int:  8    God:    Hepliaklqana [*.....]
Gold:   432        SH:  0    Dex: 12    Spells: 8/8 levels left

rFire    . . .     SeeInvis .   p - +3 flail (freeze)
rCold    . . .     Gourm    .   (no shield)
rNeg     . . .     Faith    .   I - +0 plate armour
rPois    +         Spirit   .   (helmet restricted)
rElec    .         Reflect  .   e - +0 cloak
rCorr    .         Harm     .   (no gloves)
MR       .....                  (no boots)
Stlth    ..........             (no amulet)
HPRegen  0.21/turn              G - ring of poison resistance
MPRegen  0.11/turn              (no ring)

@: no status effects
A: retaliatory headbutt, reduced essence, horns 2
a: Recall Ancestor, Ancestor Identity, Renounce Religion


You were on level 8 of the Dungeon.
You worshipped Hepliaklqana.
Hepliaklqana was aware of your devotion.
You were not hungry.

You visited 2 branches of the dungeon, and saw 9 of its levels.

You collected 432 gold pieces.

Inventory:

Hand Weapons
 a - a +1 hunting sling
 b - a +2 war axe of chopping
 p - a +3 flail of freezing (weapon)
 w - a +0 war axe
 z - a +0 short sword
 E - the +2 dagger of Poguasum {freeze, Str+3 Int-4 Dex+3}
   (You found it on level 5 of the Dungeon)

   It has been specially enchanted to freeze those struck by it, causing extra
   injury to most foes and up to half again as much damage against particularly
   susceptible opponents.
   It can also slow down cold-blooded creatures.
   It affects your strength (+3).
   It affects your intelligence (-4).
   It affects your dexterity (+3).
 F - a +2 mace of holy wrath
Missiles
 d - 30 sling bullets
 j - 174 stones (quivered)
 J - 2 javelins
Armour
 e - a +0 cloak (worn)
 I - a +0 plate armour (worn)
Jewellery
 q - an uncursed ring of protection from fire {unknown}
 G - a ring of poison resistance (left hand)
Wands
 c - a wand of flame (20)
 A - a wand of iceblast (3)
 H - a wand of paralysis (9)
Scrolls
 g - a scroll of blinking {unknown}
 h - 10 scrolls of identify
 k - 4 scrolls of remove curse
 n - a scroll of immolation {unknown}
 o - 5 scrolls of teleportation
 t - 2 scrolls of fear {unknown}
 u - 2 scrolls of noise {unknown}
 y - a scroll of magic mapping {unknown}
 D - 2 scrolls of enchant weapon {unknown}
Potions
 i - 2 potions of might {unknown}
 l - a potion of haste {unknown}
 m - 3 potions of ambrosia {unknown}
 s - a potion of invisibility {unknown}
 v - a potion of mutation {unknown}
 x - 3 potions of agility {unknown}
 B - 2 potions of curing {unknown}
 C - a potion of resistance {unknown}
Comestibles
 f - 8 rations
 r - 9 chunks of flesh


   Skills:
 * Level 5.9 Fighting
 * Level 4.1 Short Blades
 * Level 0.1(4.0) Axes
 * Level 6.6 Maces & Flails
 + Level 6.2 Slings
 * Level 9.3 Armour
 * Level 4.8 Dodging
 + Level 1.5 Stealth
 + Level 0.3 Evocations


You had 8 spell levels left.
You didn't know any spells.
Your spell library contained the following spells:

 Spells                   Type           Power        Failure   Level  Hunger
 Confusing Touch          Hex            #.....       100%        1    ##.....
 Confuse                  Hex            #.......     100%        3    ####...
 Gell's Gravitas          Tloc           #.........   100%        3    ####...
 Petrify                  Tmut/Erth      #.......     100%        4    #####..
 Metabolic Englaciation   Hex/Ice        #.........   100%        5    ######.
 Yara's Violent Unravell  Hex/Tmut       #.........   100%        5    ######.


Dungeon Overview and Level Annotations

Branches:
Dungeon (8/15)             Temple (1/1) D:4
   Lair: D:8-11

Altars:
Ashenzari
Cheibriados
Dithmenos
Elyvilon
Fedhas
Gozag
Hepliaklqana
Kikubaaqudgha
Makhleb
Okawaru
Qazlal
Ru
Sif Muna
Trog
Uskayaw
Vehumet
Wu Jian
Xom
Yredelemnul
Zin
The Shining One

Shops:
D:8 :


Innate Abilities, Weirdness & Mutations

You reflexively headbutt those who attack you in melee.
You have a pair of horns on your head.
Your life essence is reduced to manifest your ancestor. (-10% HP)


Message History

The hippogriff bites you but does no damage.
The hippogriff closely misses you.
The hippogriff claws you but does no damage.
The orc warrior grunts loudly.
The orc warrior hits you with a +0 battleaxe!
* * * LOW HITPOINT WARNING * * *
The orc warrior hits Ælfthryth but does no damage. Ælfthryth barely misses the orc warrior.
Your +3 flail of freezing glows with a cold blue light!
p - a +3 flail of freezing (weapon)
The orc wizard casts a spell.
The orc wizard blinks!
The hippogriff bites you.
* * * LOW HITPOINT WARNING * * *
The hippogriff pecks you but does no damage.
The hippogriff claws you but does no damage. Ælfthryth hits the orc warrior.
The hippogriff bites Ælfthryth.
The hippogriff closely misses Ælfthryth.
The hippogriff claws Ælfthryth!
The orc warrior hits you with a +0 battleaxe!
You die...

#.#.# ..# #.#.# ....
#.#.## ....#
##....####.....#
#............#
#.....############.#
#..#.#########.....#
#...)..........###.###..
#..#...........@o.......
#..######..##...RH.)....
#..######))##..####§..##
#....^.>.).))..# ..#
#.#######..##..# .#
#...# #..##..#### #
###.# #.......... #.#
##.##...... #.# #.#
######


You could see the friendly Ælfthryth the ancestor, a hippogriff and an orc
warrior.

Vanquished Creatures
  2 hippogriffs
  An ice beast (D:5)
  An orc warrior (D:6)
  4 ogres
  A centaur (D:5)
  2 bullfrogs
  A scorpion (D:3)
  4 wights (D:7)
  A howler monkey (D:5)
  4 electric eels (D:7)
  2 crimson imps (D:8)
  A bullfrog zombie (D:7)
  4 hounds
  2 quasits
  3 orc priests
  4 orc wizards
  Jessica (D:3)
  A centaur skeleton (D:7)
  Ijyb (D:3)
  An iguana (D:7)
  3 worker ants
  A worker ant zombie (D:5)
  5 adders
  4 gnolls
  An ooze (D:3)
  3 worms
  2 leopard geckos
  23 orcs
  4 bats
  5 giant cockroaches
  5 goblins
  5 hobgoblins
  7 jackals
  2 quokkas
  2 ball pythons
  7 frilled lizards
  5 kobolds
  A quokka zombie (D:7)
  7 rats
133 creatures vanquished.

Vanquished Creatures (collateral kills)
  An eye of draining (D:8)
  A centaur (D:6)
  2 bullfrogs
  A wyvern skeleton (D:6)
  An electric eel (D:7)
  An orc priest (D:8)
  A leopard gecko (D:8)
  3 orcs
  A quokka (D:6)
12 creatures vanquished.

Vanquished Creatures (others)
  3 ancestors
  3 gnolls (D:4)
6 creatures vanquished.

Grand Total: 151 creatures vanquished

Notes
Turn   | Place    | Note
-------+----------+-------------------------------------------
     0 | D:1      | Balder the Minotaur Hunter began the quest for the Orb.
     0 | D:1      | Reached XP level 1. HP: 18/18 MP: 0/0
   111 | D:1      | Reached XP level 2. HP: 25/25 MP: 1/1
   118 | D:1      | Reached skill level 1 in Short Blades
   484 | D:2      | Reached skill level 5 in Slings
   565 | D:2      | Reached XP level 3. HP: 30/30 MP: 2/2
  1152 | D:3      | Found a stormy altar of Qazlal.
  1296 | D:3      | Reached XP level 4. HP: 20/37 MP: 3/3
  1570 | D:3      | Noticed Jessica
  1572 | D:3      | Killed Jessica
  1572 | D:3      | Reached skill level 1 in Armour
  1646 | D:3      | Reached XP level 5. HP: 25/45 MP: 4/4
  1916 | D:3      | Noticed Ijyb
  1941 | D:3      | Killed Ijyb
  1941 | D:3      | Reached skill level 2 in Armour
  2250 | D:4      | Reached skill level 3 in Armour
  3016 | D:4      | Found a staircase to the Ecumenical Temple.
  3026 | Temple   | Entered the Ecumenical Temple
  3126 | Temple   | Became a worshipper of Hepliaklqana the Forgotten
  3217 | D:4      | Reached skill level 1 in Maces & Flails
  3375 | D:4      | Reached XP level 6. HP: 44/45 MP: 5/5
  3910 | D:5      | Entered Level 5 of the Dungeon
  3950 | D:5      | Reached skill level 4 in Armour
  3952 | D:5      | Noticed an ice beast
  3961 | D:5      | Killed an ice beast
  4354 | D:5      | Got a steaming dagger
  4357 | D:5      | Identified the +2 dagger of Poguasum {freeze, Str+3 Int-4
                  | Dex+3} (You found it on level 5 of the Dungeon)
  4382 | D:5      | Reached skill level 1 in Stealth
  4382 | D:5      | Reached XP level 7. HP: 40/51 MP: 6/6
  4625 | D:5      | Reached skill level 5 in Armour
  4869 | D:5      | Reached * piety under Hepliaklqana
  5255 | D:6      | Reached skill level 6 in Armour
  5368 | D:6      | Reached XP level 8. HP: 46/59 MP: 7/7
  5493 | D:6      | Reached skill level 7 in Armour
  5556 | D:6      | Found a sacrificial altar of Ru.
  5983 | D:7      | Reached skill level 5 in Maces & Flails
  6008 | D:7      | Reached skill level 8 in Armour
  6102 | D:7      | Noticed a hippogriff
  6109 | D:7      | Killed a hippogriff
  6562 | D:7      | HP: 3/60 [electric eel/bolt of electricity (7)]
  6565 | D:7      | Reached skill level 5 in Fighting
  6565 | D:7      | Reached XP level 9. HP: 23/66 MP: 8/8
  7232 | D:8      | Reached skill level 9 in Armour
  7289 | D:8      | Found Zompec's Book Boutique.
  7717 | D:8      | Mangled by an orc warrior

Levels and vault maps discovered:
D:1:      minmay_arrival_radiant_lines, layout_rooms, lemuel_old_faithful
D:2:      layout_basic, minmay_misc_feat_roman
D:3:      layout_loops_ring, nicolae_qazlal_eye_of_the_storm, uniq_ijyb,
          uniq_jessica
D:4:      layout_layer_cave, lemuel_temple_firewalk_b
D:5:      minmay_evil_eye, layout_layer_cave, overflow_temple_1_default,
          first_ration
D:6:      layout_rooms, nicolae_ru_path_of_blood
D:7:      wad_lake_hut, layout_basic
D:8:      layout_loops_ring, serial_shops, nicolae_shop_waterfront,
          grunt_livestock
Temple:   nicolae_temple_the_god_donut

Skill      XL: |  1  2  3  4  5  6  7  8  9 |
---------------+----------------------------+-----
Short Blades   | 1 2 3 4 |  4.1
Slings         | 5 6 |  6.2
Armour         | 1 3 4 6 8 9 |  9.3
Fighting       | 3 4 5 |  5.9
Maces & Flails | 1 2 3 6 |  6.6
Dodging        | 3 4 |  4.8
Stealth        | 1 |  1.5
Axes           | |  0.1
Evocations     | |  0.3

Action                   |  1- 3 |  4- 6 |  7- 9 || total
-------------------------+-------+-------+-------++-------
Melee: Short sword       |    61 |    33 |       ||    94
       Headbutt          |     9 |    15 |    28 ||    52
       Mace              |       |    75 |   180 ||   255
       Dagger            |       |     7 |     8 ||    15
       War axe           |       |       |     5 ||     5
 Fire: Hunting sling     |    54 |    27 |    10 ||    91
Throw: Stone             |     3 |       |     5 ||     8
Evoke: Wand              |       |       |     6 ||     6
  Use: Potion            |     1 |       |     2 ||     3
       Scroll            |       |     1 |     6 ||     7
  Eat: Chunk             |     1 |     6 |    11 ||    18
       Ration            |       |     1 |       ||     1
Armor: Leather armour    |    13 |     1 |       ||    14
       Chain mail        |       |    39 |    10 ||    49
       Scale mail        |       |     1 |       ||     1
       Skin              |       |    13 |       ||    13
       Plate armour      |       |       |   179 ||   179
Dodge: Dodged            |    45 |    60 |    94 ||   199
